Map: Beckett Industries LE

Players

Ghosthunter

  • Race: Protoss Protoss
  • Spawn Location: 1:00

Warthog - Winner!

  • Race: Terran Terran
  • League: Bronze
  • Spawn Location: 7:00

VOD

Have the link to the VOD?

Description

Time

  • Played on: Oct. 19, 2021, 5:36 p.m.
  • Length: 10:14
Show
View Real Time Build Order
Export as new Build Order

Ghosthunter Protoss 

Build Orders:  

Get SALT Encoding   

  12  0:02  Probe (Chrono Boost)  
  13  0:15  Pylon  
  13  0:18  Probe (Chrono Boost)  
  14  0:35  Gateway  
  14  0:41  Assimilator  
  14  0:43  Probe  
  15  0:59  Pylon  
  15  1:05  Probe (Chrono Boost)  
  16  1:15  Probe (Chrono Boost)  
  17  1:20  Probe (Chrono Boost)  
  18  1:25  Cybernetics Core  
  18  1:31  Probe  
  19  1:35  Pylon  
  19  1:43  Probe  
  20  2:00  Gateway  
  20  2:02  Warp Gate, Gateway  
  20  2:27  Assimilator  
  20  2:36  Nexus  
  20  2:41  Zealot  
  22  3:03  Pylon  
  22  3:05  Probe  
  23  3:06  Pylon  
  23  3:13  Assimilator  
  23  3:17  Probe, Pylon  
  24  3:37  Forge  
  24  3:38  Pylon  
  24  3:50  Probe (Chrono Boost)  
  25  4:02  Probe (Chrono Boost)  
  26  4:08  Probe (Chrono Boost)  
  27  4:11  Stalker  
  27  4:13  Stalker  
  27  4:16  Protoss Ground Weapons Level 1 (Chrono Boost), Probe  
  32  4:29  Probe  
  33  4:31  Photon Cannon  
  33  4:38  Pylon  
  33  4:41  Probe  
  33  4:44  Zealot  
  36  5:01  Twilight Council, Probe (Chrono Boost)  
  37  5:10  Photon Cannon  
  37  5:11  Probe (Chrono Boost)  
  38  5:15  Probe (Chrono Boost)  
  38  5:18  Photon Cannon  
  38  5:19  Zealot  
  41  5:31  Pylon  
  41  5:33  Charge (Chrono Boost)  
  41  5:41  Probe  
  42  5:47  Probe  
  43  5:52  Assimilator  
  43  5:54  Assimilator  
  43  5:59  Probe, Photon Cannon  
  43  6:01  Zealot  
  46  6:06  Stalker  
  48  6:11  Adept, Probe (Chrono Boost)  
  48  6:17  Protoss Ground Armor Level 1  
  51  6:22  Probe (Chrono Boost)  
  52  6:27  Probe (Chrono Boost)  
  52  6:30  Nexus  
  53  6:37  Pylon  
  53  6:39  Assimilator  
  54  6:47  Probe  
  54  6:56  Blink (Chrono Boost)  
  54  6:57  Zealot  
  54  6:59  Probe  
  54  7:00  Stalker  
  59  7:05  Stalker  
  61  7:11  Probe  
  62  7:18  Gateway  
  62  7:19  Gateway  
  62  7:23  Probe (Chrono Boost)  
  63  7:35  Probe (Chrono Boost)  
  63  7:36  Stargate  
  64  7:39  Probe (Chrono Boost)  
  65  7:44  Robotics Facility  
  65  7:51  Stalker x2  
  69  8:06  Templar Archives  
  69  8:07  Zealot  
  69  8:10  Probe (Chrono Boost)  
  72  8:16  Assimilator  
  73  8:20  Probe (Chrono Boost), Void Ray  
  73  8:25  Probe (Chrono Boost)  
  78  8:30  Pylon  
  78  8:31  Pylon  
  78  8:36  Probe, Pylon  
  71  8:43  Zealot x3  
  71  8:44  Zealot x2  
  46  9:00  Pylon  
  46  9:05  Zealot  
  46  9:06  Zealot x3  
  51  9:16  Stalker  
  31  9:28  Zealot x2  
  31  9:29  Zealot  
  37  9:38  Zealot  
  39  9:47  Zealot  
  41  9:59  Zealot  
Show
View Real Time Build Order
Export as new Build Order

Warthog Terran - Winner!

Build Orders:  

Get SALT Encoding   

  12  0:00  SCV  
  13  0:12  SCV  
  14  0:18  Supply Depot  
  14  0:25  SCV  
  15  0:40  SCV  
  15  0:42  Barracks  
  16  0:49  Refinery  
  16  0:53  SCV  
  17  1:05  SCV  
  18  1:17  SCV  
  19  1:36  Barracks Reactor, Orbital Command  
  19  1:45  Command Center  
  19  2:05  SCV  
  19  2:06  Supply Depot  
  20  2:18  SCV  
  21  2:22  Marine  
  21  2:23  Marine  
  23  2:30  SCV  
  24  2:39  Barracks  
  24  2:40  Barracks  
  24  2:43  SCV  
  25  2:44  Marine  
  25  2:45  Refinery  
  26  2:55  SCV  
  27  3:03  Marine  
  27  3:04  Marine  
  29  3:07  Orbital Command  
  29  3:09  SCV  
  30  3:21  SCV  
  31  3:31  Barracks Tech Lab x2  
  31  3:35  SCV x2  
  31  3:37  Marine  
  31  3:38  Marine  
  35  3:47  SCV  
  35  3:48  SCV  
  37  3:55  Marine x2  
  37  3:57  Marine x2  
  37  3:59  SCV  
  37  4:00  SCV  
  42  4:10  Factory  
  42  4:12  SCV  
  42  4:13  SCV, Marine x2  
  46  4:19  Supply Depot x2  
  46  4:40  SCV x2, Marine x3  
  51  4:47  Stimpack, Combat Shield  
  51  4:52  SCV x2, Marine  
  53  4:58  Marine x3  
  57  5:05  SCV x2  
  59  5:10  Marine  
  60  5:15  Starport  
  60  5:16  Marine x2  
  60  5:18  Factory Reactor  
  62  5:26  Supply Depot  
  62  5:28  Supply Depot  
  62  5:35  Engineering Bay  
  62  5:41  Barracks  
  62  5:42  Barracks  
  62  5:48  SCV, Marauder x2  
  67  5:56  SCV  
  68  5:58  Marine x2  
  68  6:00  SCV  
  71  6:08  Supply Depot, SCV  
  71  6:09  Marauder x2  
  76  6:11  Supply Depot  
  76  6:12  SCV  
  76  6:16  Marine  
  78  6:19  Factory Tech Lab  
  78  6:22  Terran Infantry Weapons Level 1  
  78  6:30  SCV x2, Medivac x2  
  78  6:31  Marauder  
  78  6:32  Refinery, Marine  
  86  6:33  Refinery, Marauder, Marine x2  
  86  6:34  Marine  
  86  6:36  Supply Depot  
  86  6:37  Supply Depot  
  92  6:42  SCV x2  
  94  6:53  Barracks Reactor, Barracks Tech Lab  
  94  6:57  Marauder x2, Marine  
  94  6:59  Supply Depot  
  94  7:00  Marine  
  100  7:02  Supply Depot, Medivac, Siege Tank  
  105  7:15  Marine  
  106  7:18  Marine  
  106  7:19  Marauder  
  106  7:21  Marauder  
  106  7:22  Supply Depot  
  111  7:24  Supply Depot  
  111  7:33  Marine  
  111  7:36  Marine  
  113  7:40  Marauder  
  113  7:42  Marauder  
  117  7:44  Supply Depot  
  117  7:52  Supply Depot  
  117  8:02  Marauder  
  117  8:04  Marauder x2, Marine x3  
  117  8:05  Marine  
  127  8:06  Medivac, Siege Tank  
  132  8:14  Supply Depot  
  132  8:16  Terran Infantry Armor Level 1  
  132  8:22  Marine x4  
  132  8:23  Marauder  
  132  8:25  Marauder  
  132  8:26  Marauder  
  142  8:38  Siege Tank  
  142  8:40  Marine x4  
  144  8:44  Marauder  
  144  8:46  Marine  
  144  8:47  Marauder  
Tags
 
Add a new tag
Caveats
  • Supply blocks, unpowered buildings, or Contaminate may cause inaccurate times.
  • Supply counts are checked every 10 seconds.